Match 48229297
Unlisted

Match 48229297
End
Construct Section Command Post
Royal Engineer Section
Dingo Light Scout Car
Infantry Section
Infantry Section
Selects Canadian Shock Battlegroup
Selects Attacking Spirit
Selects Canadian Shock Section
Construct Platoon Command Post
Humber Armored Car
Humber Armored Car
Grenade Package
Selects Incendiary Munitions
Canadian Shock Section
Construct Company Command Post
Crusader II Medium Tank
Crusader II Medium Tank
Selects Pyrotechnics
Construct Field Infirmary
Infantry Section
Royal Engineer Section
Infantry Training
Selects Churchill Crocodile Heavy Tank
Pam
Adumb
Promax39
좋빠가
Thrusher
Toni T - The Damager
cottyboy
Ghini
0
0

Comments sign in to comment!

No comments posted yet!